 Dungeon Crawl Stone Soup version 0.31.0-12-g77e489cdc1 (webtiles) character file.

Game seed: 16180082901979536732

519 spaghetti the Cutter (level 7, -2/52 HPs)
             Began as a Demonspawn Chaos Knight on Feb 23, 2024.
             Was a Plaything of Xom.
             Slain by a gnoll sergeant
             ... wielding a +4 trident of chaos
              (4 damage)
             ... on level 3 of the Dungeon.
             The game lasted 00:03:40 (2839 turns).

spaghetti the Cutter (Demonspawn Chaos Knight)      Turns: 2839, Time: 00:03:41

Health: -2/52      AC: 12    Str: 12    XL:     7   Next: 1%
Magic:  7/7        EV: 11    Int: 12    God:    Xom [......]
Gold:   48         SH:  0    Dex: 15    Spells: 6/6 levels left

rFire   . . .        g - +1 short sword (speed)
rCold   . . .        (no shield)
rNeg    . . .        b - +2 leather armour
rPois   .            (no helmet)
rElec   .            (no cloak)
rCorr   .            i - +0 pair of gloves
SInv    .            (no boots)
Will    .....        (no amulet)
Stlth   ++           j - +4 ring of slaying
HPRegen 0.28/turn    m - +4 ring of protection
MPRegen 0.10/turn

%: no passive effects
@: weak-willed
A: molten scales 1, foul stench 1
a: Renounce Religion


You were on level 3 of the Dungeon.
You worshipped Xom.
You were a very special plaything of Xom.
You visited 1 branch of the dungeon, and saw 3 of its levels.

You collected 98 gold pieces.
You spent 50 gold pieces at shops.

Inventory:

Hand Weapons
 a - a +0 short sword of chaos
 g - a +1 short sword of speed (weapon)
Armour
 b - a +2 leather armour (worn)
 i - a +0 pair of gloves (worn)
Jewellery
 j - a +4 ring of slaying (left hand)
 m - a +4 ring of protection (right hand)
Wands
 e - a wand of roots (9)
Scrolls
 d - a scroll of torment
 f - a scroll of vulnerability
Potions
 h - a potion of heal wounds


   Skills:
 - Level 3.0 Fighting
 + Level 7.1 Short Blades
 - Level 1.7 Armour
 - Level 0.8 Dodging
 - Level 1.6 Stealth


You had 6 spell levels left.
You didn't know any spells.
Your spell library was empty.

Dungeon Overview and Level Annotations

Branches:
Dungeon (3/15)

Altars:
Cheibriados
Dithmenos

Shops:
D:1 !   D:3 [([


Innate Abilities, Weirdness & Mutations

You are partially covered in molten scales. (AC +2)
You may rarely emit foul miasma when damaged in melee.


Message History

You feel much better.
Your butterfly is engulfed in dark miasma.
Your butterfly is poisoned.
Your butterfly seems to slow down.
The wolf bites you.
You emit a cloud of foul miasma!
The gnoll misses your butterfly.
Your butterfly is engulfed in dark miasma.
Your butterfly looks even sicker.
Your butterfly seems to slow down.
You kill your butterfly!
Your butterfly disappears in a burst of colours!
The jackal completely misses your butterfly.
The wolf is engulfed in dark miasma.
The wolf looks as sick as possible!
The wolf seems to slow down.
You kill the wolf!
The gnoll returns to its original shape as it dies.
The gnoll sergeant hits you from afar with a +4 trident of chaos!
* * * LOW HITPOINT WARNING * * *
Your willpower is stripped away!
A gnoll bouda comes into view. It is wielding a +0 whip.
Your Short Blades skill increases to level 7!
You have reached level 7!
Unknown command.
The jackal barely misses your butterfly.
The gnoll barely misses your butterfly. The gnoll sergeant barely misses you.
The gnoll hits your butterfly with a +0 flail!
Your butterfly dies!
Your butterfly disappears in a burst of colours!
The orc barely misses your butterfly.
You see here a gnoll corpse.
Unknown command.
You hit the gnoll sergeant but do no damage.
The jackal barely misses your butterfly.
The gnoll closely misses your butterfly.
You hit the gnoll sergeant but do no damage.
The jackal barely misses your butterfly.
The gnoll sergeant hits you with a +4 trident of chaos!
* * * LOW HITPOINT WARNING * * *
Xom is mildly amused.
The gnoll sergeant burns you.
You die...
Xom is highly amused!

~≈~~≈~~≈~~≈~~≈~~~~~≈~~~~≈~#####≈~
..........................#gg.#≈≈
###########################...#≈~
, ,, ,,,,,,, , , , ,, ,#+###≈~
######################,,,,,,#.~≈~
.........#8..8#b)bb..# , #.~≈~
...g.....go..bb)b8#,b##''**,#.≈≈~
.........'g.b.')b8#bbbb.. ,,#.~~~
.........#).).#g@bbbbghg.,,,#.~~≈
#'o#######)...#########''**,#.≈~~
... * , ,#....#,, , *, , *#.~≈~
.. *,** #....# *,**, , ,,, #.~≈~
.. , ,#....#, ,,,+, ,,#+###~≈
##########++++#############...#≈~
..........................#.oo#≈~
≈~~~~~≈~~~....~≈~~~~~~~~≈~#####≈~
≈≈≈≈≈≈≈≈≈~....~≈≈≈≈≈≈≈≈≈≈≈≈≈≈≈≈≈~


You could see a gnoll sergeant (ally target), a gnoll bouda (distracted), 3
gnolls, an orc and a jackal.

Vanquished Creatures
  A wolf (D:3)
  2 howler monkeys (D:3)
  A bombardier beetle (D:3)
  An orc priest (D:3)
  Jessica (D:2)
  Terence (D:2)
  An orc wizard (D:3)
  8 gnolls (D:3)
  5 adders
  2 ribbon worms (D:2)
  4 orcs (D:3)
  3 endoplasms
  3 giant cockroaches
  4 goblins
  9 hobgoblins
  17 jackals
  3 quokkas
  5 ball pythons
  6 bats
  4 frilled lizards
  9 kobolds
  5 rats
95 creatures vanquished.

Notes
Turn   | Place    | Note
-------+----------+-------------------------------------------
     0 | D:1      | spaghetti the Demonspawn Chaos Knight began the quest for
                  | the Orb.
     0 | D:1      | Reached XP level 1. HP: 18/18 MP: 1/1
    96 | D:1      | Reached skill level 1 in Stealth
   239 | D:1      | Gained mutation: You may rarely emit foul miasma when
                  | damaged in melee. [demonic ancestry]
   239 | D:1      | Reached XP level 2. HP: 24/24 MP: 2/2
   337 | D:1      | Found Umeuw's Distillery.
   340 | D:1      | XOM: silly message
   348 | D:1      | Bought a potion of heal wounds for 50 gold pieces
   421 | D:1      | Reached skill level 3 in Short Blades
   495 | D:1      | XOM: silly message
   677 | D:1      | XOM: silly message
   757 | D:2      | Noticed Terence
   774 | D:2      | Killed Terence
   774 | D:2      | XOM: silly message
   775 | D:2      | Reached XP level 3. HP: 18/29 MP: 3/3
   785 | D:2      | Reached skill level 4 in Short Blades
   787 | D:2      | XOM: enchant monster (good)
   881 | D:2      | Reached XP level 4. HP: 32/35 MP: 4/4
   893 | D:2      | Noticed Jessica
   902 | D:2      | Killed Jessica
  1027 | D:2      | XOM: potion effect (brilliance)
  1314 | D:2      | XOM: silly message
  1505 | D:2      | XOM is BORED!
  1505 | D:2      | XOM: silly message
  1620 | D:3      | Reached XP level 5. HP: 35/41 MP: 5/5
  1629 | D:3      | Reached skill level 5 in Short Blades
  1639 | D:3      | XOM: confuse monster(s)
  1704 | D:3      | XOM: cast spell 'Summon Cactus Giant'
  1895 | D:3      | Found a snail-covered altar of Cheibriados.
  1932 | D:3      | XOM: divination: magic mapping
  2002 | D:3      | Reached skill level 6 in Short Blades
  2002 | D:3      | Gained mutation: You are partially covered in molten
                  | scales. (AC +2) [demonic ancestry]
  2002 | D:3      | Reached XP level 6. HP: 46/47 MP: 6/6
  2094 | D:3      | Found Inivukh's Armour Boutique.
  2118 | D:3      | XOM: 1-stop teleportation journey
  2396 | D:3      | XOM: stat loss: -1 Dex (14/15)
  2400 | D:3      | Found a shadowy altar of Dithmenos.
  2445 | D:3      | Found Jeen's Antique Weapon Shoppe.
  2479 | D:3      | Found Muhaga's Armour Boutique.
  2681 | D:3      | XOM: 9-stop teleportation journey
  2809 | D:3      | XOM: polymorph orc -> frilled lizard
  2815 | D:3      | XOM: scenery: 6 doors close
  2816 | D:3      | XOM: polymorph gnoll -> wolf
  2826 | D:3      | XOM: chaos upgrade
  2834 | D:3      | HP: 2/47 [gnoll/+0 halberd (7)]
  2837 | D:3      | Reached skill level 7 in Short Blades
  2837 | D:3      | Reached XP level 7. HP: 12/52 MP: 7/7
  2839 | D:3      | HP: 2/52 [gnoll sergeant/+4 trident of chaos (11)]
  2839 | D:3      | Slain by a gnoll sergeant

Illustrated notes

Levels and vault maps discovered:
D:1:      dpeg_arrival_brainrot, layout_rooms, serial_shops,
          nicolae_shop_industrial_runoff
D:2:      layout_loops_ring, minivault_26, uniq_jessica, uniq_terence
D:3:      lemuel_castle_with_subvaults [lemuel_castle_interior_carwin_2],
          layout_basic, mainiacjoe_overflow_surrounded_room,
          mainiacjoe_overflow_alcove_2, serial_shops, shop_statue,
          nicolae_shop_rolling_square, shop, patterned_corridor

Skill      XL: |  1  2  3  4  5  6 |
---------------+-------------------+-----
Stealth        | 1 |  1.6
Short Blades   | 3 4 6 7 |  7.1
Fighting       | |  3.0
Armour         | |  1.7
Dodging        | |  0.8

Action                     |  1- 3 |  4- 6 |  7- 9 || total
---------------------------+-------+-------+-------++-------
  Melee: Short sword       |    98 |   177 |     2 ||   277
    Use: Potion            |     1 |     2 |       ||     3
         Scroll            |       |     5 |       ||     5
   Stab: Petrifying        |     1 |       |       ||     1
         Paralysed         |     1 |       |       ||     1
         Sleeping          |       |     4 |       ||     4
 Armour: Leather armour    |    54 |    77 |     1 ||   132
  Dodge: Dodged            |    51 |    74 |     1 ||   126
